 Dungeon Crawl Stone Soup version 0.21-a0-519-gb765982 (webtiles) character file.

117 slep the Skirmisher (level 5, -2/42 HPs)
             Began as a Formicid Monk on Dec 5, 2017.
             Slain by a hippogriff (3 damage)
             ... on level 3 of the Dungeon.
             The game lasted 00:09:35 (2230 turns).

slep the Skirmisher (Formicid Monk)                 Turns: 2230, Time: 00:09:36

Health: -2/42      AC:  9    Str: 16    XL:     5   Next: 22%
Magic:  5/5        EV: 13    Int: 15    God:
Gold:   72         SH:  0    Dex: 18    Spells: 4/4 levels left

rFire    . . .     SeeInvis +   a - +0 spear
rCold    . . .     Gourm    .   (no shield)
rNeg     . . .     Faith    .   r - +1 chain mail {MR+}
rPois    +         Spirit   .   (helmet unavailable)
rElec    .         Reflect  .   (no cloak)
rCorr    .         Harm     .   (no gloves)
MR       +....                  (no boots)
Stlth    +.........             (no amulet)
HPRegen  0.14/turn              o - ring of poison resistance
MPRegen  0.09/turn              (no ring)

@: brilliant, agile
A: permanent stasis, dig shafts and tunnels, four strong arms, antennae 3
a: Dig, Shaft Self


You were on level 3 of the Dungeon.
You were hungry.

You visited 1 branch of the dungeon, and saw 4 of its levels.

You collected 72 gold pieces.

Inventory:

Hand Weapons
 a - a +0 spear (weapon)
 d - a +1 antimagic morningstar
Armour
 b - a +0 robe
 n - a +0 scale mail
 r - a +1 chain mail of magic resistance (worn)
Jewellery
 o - a ring of poison resistance (left hand)
Scrolls
 e - 2 scrolls of remove curse {unknown}
 f - 2 scrolls of identify {unknown}
 g - a scroll of enchant armour {unknown}
 h - a scroll of noise {unknown}
 k - 2 scrolls of amnesia {unknown}
 l - 2 scrolls of teleportation {unknown}
 q - a scroll of enchant weapon {unknown}
Potions
 i - a potion of curing
 t - a potion of mutation {unknown}
 u - a potion of lignification {unknown}
Comestibles
 c - 4 bread rations
 v - a meat ration


   Skills:
 + Level 4.2 Fighting
 + Level 4.1 Polearms
 + Level 0.1 Armour
 + Level 3.3 Dodging
 + Level 3.2 Stealth


You had 4 spell levels left.
You didn't know any spells.

Dungeon Overview and Level Annotations

Branches:
Dungeon (4/15)
 Temple: D:4-7

Altars:
Nemelex Xobeh
Zin


Innate Abilities, Weirdness & Mutations

You cannot be hasted, slowed, berserked, paralysed or teleported.
You can dig through walls and to a lower floor.
Your four strong arms can wield two-handed weapons with a shield.
You have a pair of large antennae on your head. (SInv)


Message History

You hit the hippogriff.
The hippogriff is heavily wounded.
The hippogriff misses you. The hippogriff pecks you.
* * * LOW HITPOINT WARNING * * *
The hippogriff barely misses you.
You barely miss the hippogriff.
The hippogriff is heavily wounded.
The hippogriff bites you but does no damage.
The hippogriff barely misses you.
The hippogriff claws you but does no damage.
You puncture the hippogriff!
The hippogriff is severely wounded.
The hippogriff bites you!
* * * LOW HITPOINT WARNING * * *
The hippogriff closely misses you.
The hippogriff claws you but does no damage.
Your chain mail prevents you from hitting the hippogriff.
The hippogriff is severely wounded.
The hippogriff bites you.
You die...

#........#
##'####### #.# #.#
#.# ### ####'##
#.. #.....# #..
#.....##########..
#@H..............(
#...>.............
#.....##########..
#.....# ###
#.....###
#.......#
#.......#
#.......##########
#.................


You could see a hippogriff.

Vanquished Creatures
  Terence (D:2)
  3 adders
  2 oozes (D:1)
  2 dart slugs (D:1)
  A leopard gecko (D:1)
  13 giant cockroaches (D:2)
  4 goblins
  A hobgoblin (D:2)
  6 kobolds
  3 ball pythons
  6 bats
  2 frilled lizards (D:1)
  8 rats
52 creatures vanquished.

Notes
Turn   | Place    | Note
-------+----------+-------------------------------------------
     0 | D:1      | slep the Formicid Monk began the quest for the Orb.
     0 | D:1      | Reached XP level 1. HP: 18/18 MP: 1/1
    75 | D:1      | Reached XP level 2. HP: 24/24 MP: 2/2
   295 | D:1      | Reached XP level 3. HP: 12/30 MP: 3/3
   710 | D:2      | Reached XP level 4. HP: 26/37 MP: 4/4
   810 | D:2      | Found a glowing silver altar of Zin.
   957 | D:2      | Noticed Terence
  1237 | D:2      | Killed Terence
  1375 | D:2      | Reached XP level 5. HP: 29/42 MP: 5/5
  1555 | D:2      | Found a sparkling altar of Nemelex Xobeh.
  2182 | D:4      | Noticed a hippogriff
  2229 | D:3      | HP: 1/42 [hippogriff (7)]
  2230 | D:3      | Slain by a hippogriff

Vault maps used:
D:1:      onia_arrival_handbag
D:2:      minmay_roachtagon, lemuel_round_altar, zin_scriptorium, first_bread,
          uniq_terence
D:4:      chequers_temple_overflow_statue_of_worship, uniq_edmund, uniq_natasha

Skill      XL: |  1  2  3  4 |
---------------+-------------+-----
Dodging        | 3 |  3.3
Fighting       | 4 |  4.2
Stealth        | 3 |  3.2
Polearms       | 4 |  4.1
Armour         | |  0.1

Action                   |  1- 3 |  4- 6 || total
-------------------------+-------+-------++-------
Melee: Spear             |   118 |   153 ||   271
  Use: Potion            |       |     5 ||     5
 Stab: Sleeping          |     6 |     2 ||     8
  Eat: Chunk             |       |     4 ||     4
Armor: Robe              |    13 |     6 ||    19
       Scale mail        |       |    34 ||    34
       Chain mail        |       |    26 ||    26
Dodge: Dodged            |    69 |    96 ||   165

Table legend:
 A = Spawn XP
 B = Non-spawn XP
 C = Spawn XP percentage of total XP
 D = Spawn monster count
 E = Non-spawn monster count
 F = Spawn count percentage of total count
 G = Total turns spent on level
                    A         B        C        D         E        F      G
               +---------+---------+-------+---------+---------+-------+---------
         Total |       0 |     168 |   0.0 |       0 |      52 |   0.0 |  2230
               +---------+---------+-------+---------+---------+-------+---------
           D:1 |       0 |      47 |   0.0 |       0 |      22 |   0.0 |   633
           D:2 |       0 |     102 |   0.0 |       0 |      24 |   0.0 |  1061
           D:3 |       0 |      19 |   0.0 |       0 |       6 |   0.0 |   497
               +---------+---------+-------+---------+---------+-------+---------
